Map: Deathaura LE

Players

MacroMan

  • Race: Protoss Protoss
  • League: Master
  • Spawn Location: 11:00

pocker - Winner!

  • Race: Zerg Zerg
  • League: Master
  • Spawn Location: 5:00

VOD

Have the link to the VOD?

Description

Time

  • Played on: July 29, 2020, 11:28 p.m.
  • Length: 4:04
Show
View Real Time Build Order
Export as new Build Order

MacroMan Protoss 

Build Orders: 1 Gate Expand 

Get SALT Encoding   

  12  0:03  Probe  
  13  0:15  Probe  
  13  0:18  Pylon  
  14  0:27  Probe  
  15  0:39  Probe (Chrono Boost)  
  15  0:40  Gateway  
  17  0:50  Probe (Chrono Boost), Assimilator  
  17  0:57  Probe (Chrono Boost)  
  18  1:08  Probe  
  19  1:20  Probe  
  20  1:31  Nexus  
  20  1:39  Cybernetics Core  
  20  1:43  Probe  
  21  1:48  Assimilator  
  21  1:55  Probe  
  21  1:56  Pylon  
  22  2:07  Probe  
  23  2:12  Adept (Chrono Boost)  
  25  2:20  Probe  
  26  2:32  Probe  
  27  2:37  Stargate  
  27  2:53  Pylon  
  27  3:13  Shield Battery  
  27  3:15  Probe x2  
Show
View Real Time Build Order
Export as new Build Order

pocker Zerg - Winner!

Build Orders: Hatch First 

Get SALT Encoding   

  12  0:01  Drone  
  13  0:08  Drone  
  14  0:15  Extractor  
  14  0:16  Drone  
  15  0:38  Hatchery  
  15  0:42  Extractor  
  13  0:43  Drone  
  14  0:59  Spawning Pool  
  14  1:04  Drone  
  14  1:11  Overlord  
  14  1:27  Extractor  
  14  1:28  Drone  
  15  1:41  Drone  
  15  1:46  Zergling x4  
  18  1:48  Metabolic Boost  
  19  1:54  Zergling x4  
  19  2:01  Zergling x2  
  21  2:10  Zergling x2  
  21  2:12  Zergling x2  
  21  2:14  Queen  
  25  2:22  Overlord  
  25  2:28  Zergling x4  
  27  2:33  Zergling x2  
  28  2:43  Overlord  
  28  2:44  Zergling x2  
  28  2:46  Zergling x2  
  29  2:55  Zergling x2  
  29  2:56  Zergling x2  
  32  3:05  Zergling x2  
  32  3:12  Zergling x2  
  30  3:24  Zergling x4  
  30  3:27  Zergling x2  
  30  3:30  Zergling x2  
  30  3:38  Zergling x2  
  32  3:41  Zergling x2  
Tags
 
Add a new tag
Caveats
  • Supply blocks, unpowered buildings, or Contaminate may cause inaccurate times.
  • Supply counts are checked every 10 seconds.